 Dungeon Sprint DCSS version 0.30-a0-937-ga0a21ad780 (webtiles) character file.

Game seed: 11111711682203493924

22 BigDaddyOpFi the Trooper (level 2, -1/52 HPs)
             Began as an Ogre Fighter on Mar 24, 2023.
             Was an Initiate of Qazlal.
             Slain by a river rat (4 damage)
             ... in the Dungeon (Sprint VII: "The Pits").
             The game lasted 00:00:29 (171 turns).

BigDaddyOpFi the Trooper (Ogre Fighter)              Turns: 171, Time: 00:00:30

Health: -1/52      AC:  3    Str: 19    XL:     2   Next: 91%
Magic:  3/3        EV:  9    Int:  9    God:    Qazlal [......]
Gold:   0          SH:  8    Dex:  8    Spells: 1/1 levels left

rFire   . . .      SeeInvis .    a - +0 war axe
rCold   . . .      Faith    .    c - +0 kite shield
rNeg    . . .      Spirit   .    b - +0 robe
rPois   .          Reflect  .    (helmet restricted)
rElec   .          Rampage  .    (no cloak)
rCorr   .          NoTele   +    (gloves unavailable)
Will    .....                    (boots unavailable) Stlth
                                 (no amulet)
HPRegen 0.28/turn                (no ring)
MPRegen 0.08/turn                (no ring)

@: berserking, very quick
A: large, unfitting armour, tough skin 1
a: Renounce Religion


You were in the Dungeon.
You worshipped Qazlal.
Qazlal was noncommittal.
You visited 1 branch

Inventory:

Hand Weapons
 a - a +0 war axe (weapon)
Armour
 b - a +0 robe (worn)
 c - a +0 kite shield (worn)
Scrolls
 j - a scroll of blinking
Potions
 d - a potion of might
 g - a potion of haste
 h - 4 potions of magic
 i - 2 potions of berserk rage
 k - 2 potions of invisibility


   Skills:
 + Level 5.2 Fighting
 + Level 3.1 Axes
 + Level 3.5 Dodging
 + Level 3.9 Shields
 * Level 1.9 Invocations


You had one spell level left.
You didn't know any spells.
Your spell library was empty.

Dungeon Overview and Level Annotations

Branches:
Dungeon (1/1)

Altars:
Ashenzari
Cheibriados
Dithmenos
Elyvilon
Fedhas
Gozag
Hepliaklqana
Kikubaaqudgha
Makhleb
Nemelex Xobeh
Okawaru
Qazlal
Ru
Sif Muna
Trog
Uskayaw
Vehumet
Wu Jian
Xom
Yredelemnul
Zin
The Shining One
Jiyva
Lugonu


Innate Abilities, Weirdness & Mutations

You are too large for most types of armour.
You have tough skin. (AC +1)


Message History

The river rat is almost dead.
You block the river rat's attack. The river rat bites you.
You hit the river rat.
The river rat is almost dead.
The river rat bites you!
* * * LOW HITPOINT WARNING * * *
You feel better. The river rat closely misses you.
You barely miss the river rat.
The river rat is almost dead.
The river rat bites you. The river rat barely misses you.
You barely miss the river rat.
The river rat is almost dead.
You block the river rat's attack.
You closely miss the river rat.
The river rat is almost dead.
The river rat closely misses you. The river rat bites you.
* * * LOW HITPOINT WARNING * * *
You closely miss the river rat.
The river rat is almost dead.
The river rat bites you.
* * * LOW HITPOINT WARNING * * *
Unknown command.
You closely miss the river rat.
The river rat is almost dead.
The river rat completely misses you. You block the river rat's attack.
You hit the river rat but do no damage.
The river rat is almost dead.
The river rat bites you.
* * * LOW HITPOINT WARNING * * *
Unknown command.
A red film seems to cover your vision as you go berserk!
You feel yourself moving faster!
You feel mighty! You block the river rat's attack.
You barely miss the river rat.
The river rat is almost dead.
You block the river rat's attack.
You closely miss the river rat.
The river rat is almost dead.
The river rat bites you.
You die...

#_________.#
#_________.#
#_______...###########++
##########'##...........
#.?(.')))'.##......#..#
##########.##..........
#.........†.'...........
#+#####'#####......#..#.
#..†.@##...........
#####r#####'#####+
..##.......#
...##.......#
#+####.......# #...<...#
#.......# #.......#
#.......#


You could see a river rat.

Vanquished Creatures
  An adder (D)
  A river rat (D)
  An adder zombie (D)
3 creatures vanquished.

Notes
Turn   | Place    | Note
-------+----------+-------------------------------------------
     0 | D        | BigDaddyOpFi the Ogre Fighter began the quest for the Orb.
     0 | D        | Reached XP level 1. HP: 24/24 MP: 1/1
    16 | D        | Reached XP level 2. HP: 25/33 MP: 2/2
    64 | D        | Found a bloodstained altar of Trog.
    64 | D        | Found a shimmering blue altar of Sif Muna.
    64 | D        | Found a viscous altar of Jiyva.
    64 | D        | Found a hazy altar of Hepliaklqana.
    64 | D        | Found an opulent altar of Gozag.
    65 | D        | Found a glowing golden altar of the Shining One.
    65 | D        | Found a glowing silver altar of Zin.
    65 | D        | Found a basalt altar of Yredelemnul.
    65 | D        | Found a shimmering altar of Xom.
    65 | D        | Found an ornate altar of the Wu Jian Council.
    65 | D        | Found a sacrificial altar of Ru.
    65 | D        | Found a stormy altar of Qazlal.
    65 | D        | Found an iron altar of Okawaru.
    65 | D        | Found a sparkling altar of Nemelex Xobeh.
    65 | D        | Found a burning altar of Makhleb.
    65 | D        | Found a blossoming altar of Fedhas.
    65 | D        | Found a white marble altar of Elyvilon.
    65 | D        | Found a shadowy altar of Dithmenos.
    65 | D        | Found a snail-covered altar of Cheibriados.
    66 | D        | Found a radiant altar of Vehumet.
    66 | D        | Found a corrupted altar of Lugonu.
    68 | D        | Found an ancient bone altar of Kikubaaqudgha.
    68 | D        | Found a hide-covered altar of Uskayaw.
    68 | D        | Found a broken altar of Ashenzari.
    71 | D        | Became a worshipper of Qazlal Stormbringer
   102 | D        | Reached skill level 5 in Fighting
   102 | D        | Reached skill level 1 in Invocations
   171 | D        | Slain by a river rat

Illustrated notes

Levels and vault maps discovered:
D:        pitsprint [storerooms_1, entrance_room_1, metal_vault_6, armoury_1,
          mini_pit_1, grid_room_1, main_hall_1, silver_pit, the_coven_3,
          the_vestibule_1, steel_vault_5, golden_pit, hallway_of_sentries,
          crystal_vault_3, iron_vault_2, final_vault]

Skill      XL: |  1  2 |
---------------+-------+-----
Dodging        | 3 |  3.5
Fighting       | 5 |  5.2
Invocations    | 1 |  1.9
Axes           | 3 |  3.1
Shields        | |  3.9

Action                     || total
---------------------------++-------
  Melee: War axe           ||    36
    Use: Potion            ||     3
   Stab: Sleeping          ||     1
  Dodge: Dodged            ||    20
  Block: Kite shield       ||    15

Table legend: (Time is in decaauts)
 A = Elapsed time spent in this place.
 B = Non-inter-level travel time spent in this place.
 C = Inter-level travel time spent in this place.
 D = Time resting spent in this place.
 E = Time spent auto-exploring this place.
 F = Levels seen in this place.
 G = Mean time per level.
                   A        B        C        D        E       F      G
               +--------+--------+--------+--------+--------+-----+--------+
         Total |    187 |    187 |      0 |     83 |      0 |   1 |  187.0 |
       Dungeon |    187 |    187 |      0 |     83 |      0 |   1 |  187.0 |
               +--------+--------+--------+--------+--------+-----+--------+

Top non-repeatable levels by time:
       D: 187 daAuts
